 Dungeon Crawl Stone Soup version 0.17-a0-2211-gbb7320e (webtiles) character file.

291 Burgietje the Skirmisher (level 6, -7/58 HPs)
             Began as a Minotaur Fighter on Oct 27, 2015.
             Mangled by a gnoll
             ... wielding a +0 halberd
              (9 damage)
             ... on level 3 of the Dungeon.
             The game lasted 00:06:09 (2580 turns).

Burgietje the Skirmisher (Minotaur Fighter)         Turns: 2580, Time: 00:06:10

Health: -7/58      AC:  6    Str: 26    XL:     6   Next: 10%
Magic:  5/5        EV:  7    Int:  5    God:
Gold:   130        SH: 10    Dex: 11    Spells: 0 memorised, 5 levels left

rFire  . . .     SeeInvis .     a - +0 long sword
rCold  . . .     Clarity  .     b - +0 scale mail
rNeg   . . .     SustAt   .     c - +0 shield
rPois  .         Gourm    .     (helmet restricted)
rElec  .         Spirit   .     (no cloak)
rCorr  .         Warding  .     (no gloves)
rMut   .         Stasis   .     (no boots)
MR     .....                    (no amulet)
Stlth  ..........               (no ring)
                                (no ring)

@: mighty, not resistant to hostile enchantments, extremely unstealthy
A: retaliatory headbutt, horns 2
a: no special abilities


You were on level 3 of the Dungeon.
You were not hungry.

You visited 1 branch of the dungeon, and saw 3 of its levels.

You collected 130 gold pieces.

Inventory:

Hand Weapons
 a - a +0 long sword (weapon)
Missiles
 o - 3 javelins (quivered)
Armour
 b - a +0 scale mail (worn)
 c - a +0 shield (worn)
 z - a +0 pair of gloves
Jewellery
 j - a cursed ring of loudness {unknown}
 w - an uncursed ring of sustain attributes {unknown}
Wands
 r - a wand of polymorph (6)
Scrolls
 f - a scroll of blinking {unknown}
 k - 2 scrolls of noise {unknown}
 m - 2 scrolls of identify {unknown}
 n - a scroll of random uselessness {unknown}
 t - 3 scrolls of teleportation {unknown}
 u - a scroll of remove curse {unknown}
 x - 2 scrolls of immolation {unknown}
 y - a scroll of fear {unknown}
Potions
 g - 2 potions of ambrosia {unknown}
 i - a potion of flight {unknown}
 l - a potion of degeneration {unknown}
 p - 2 potions of lignification {unknown}
 s - 3 potions of curing {unknown}
Comestibles
 e - 2 bread rations
 h - 2 meat rations
 q - 8 chunks of flesh
 v - a beef jerky


   Skills:
 + Level 6.6 Fighting
 + Level 5.4 Long Blades
 - Level 3.6 Armour
 - Level 3.6 Shields


You had 5 spell levels left.
You didn't know any spells.

Dungeon Overview and Level Annotations

Branches:
Dungeon (3/15)

Altars:
Xom
The Shining One


Innate Abilities, Weirdness & Mutations

You reflexively headbutt those who attack you in melee.
You have a pair of horns on your head.


Message History

You are too injured to fight recklessly!
You are too injured to fight recklessly!
You are too injured to fight recklessly!
You closely miss the big kobold. You headbutt the big kobold!!
The big kobold is severely wounded.
You block the big kobold's attack. x2
You hit the big kobold. You headbutt the big kobold!
The big kobold is almost dead.
The kobold hits you with a dagger.
* * * LOW HITPOINT WARNING * * *
The gnoll hits you from afar with a halberd!
* * * LOW HITPOINT WARNING * * *
You block the big kobold's attack.
There is an open door, spattered with blood here.
Items here: ))))) ÷ You barely miss the kobold.
The kobold hits you with a dagger.
* * * LOW HITPOINT WARNING * * *
You block the big kobold's attack.
The gnoll hits you from afar with a halberd!
You die...

#####
#$$$###############
#$$$#..............
$$$#..............
#)##..............
#.†....########...
#gK....# #...
#KK....########...
##@##....)...(.....
#).)#....).((......
#...#....).).......
#...###############
#####
≈≈≈≈≈≈≈≈≈≈≈≈≈≈≈
≈≈≈≈≈≈≈≈≈≈...≈≈.≈
................. .


You could see a big kobold, a gnoll and 2 kobolds.

Vanquished Creatures
  A big kobold (D:3)
  An orc priest (D:3)
  3 adders (D:3)
  5 gnolls (D:3)
  3 oozes
  2 worms (D:2)
  4 giant geckos
  3 orcs (D:3)
  23 hobgoblins
  9 jackals
  2 ball pythons (D:2)
  8 bats
  4 giant newts
  20 goblins
  8 kobolds
  6 rats
102 creatures vanquished.

Notes
Turn   | Place    | Note
--------------------------------------------------------------
     0 | D:1      | Burgietje the Minotaur Fighter began the quest for the Orb.
     0 | D:1      | Reached XP level 1. HP: 19/19 MP: 0/0
   146 | D:1      | Reached skill level 4 in Fighting
   151 | D:1      | Reached XP level 2. HP: 27/27 MP: 1/1
   560 | D:1      | Reached XP level 3. HP: 31/34 MP: 2/2
   948 | D:2      | Found a shimmering altar of Xom.
  1157 | D:2      | Reached skill level 5 in Fighting
  1360 | D:3      | Reached XP level 4. HP: 39/42 MP: 3/3
  1826 | D:3      | Found a glowing golden altar of the Shining One.
  1839 | D:3      | Reached XP level 5. HP: 50/50 MP: 4/4
  2172 | D:3      | Reached skill level 6 in Fighting
  2396 | D:3      | Reached skill level 5 in Long Blades
  2558 | D:3      | Noticed a big kobold
  2558 | D:3      | Noticed a big kobold
  2571 | D:3      | Killed a big kobold
  2571 | D:3      | Reached XP level 6. HP: 22/58 MP: 5/5
  2580 | D:3      | HP: 2/58 [kobold/dagger (1)]
  2580 | D:3      | Mangled by a gnoll

Vault maps used:
D:1:      lemuel_arrival_tunnels
D:2:      nicolae_overflow_crystal_walls
D:3:      minmay_goblin_kobold_castle, overflow_temple_1_default

Action                   |  1- 3 |  4- 6 || total
-------------------------+-------+-------++-------
Melee: Long sword        |   119 |   110 ||   229
  Use: Potion            |       |     1 ||     1
  Eat: Chunk             |     2 |     4 ||     6
